Cogmind - Beta 11.1 *** ADVENTURER MODE // 2022.04.25 @ 02:13:10 Player: TheRhizome Result: Destroyed by S-27 Virus with Autogun Performance ------------- Evolutions (4) 2000 Regions Visited (8) 1600 Robots Destroyed (24) 120 Value Destroyed (946) 946 Prototype IDs (24) 480 Alien Tech Used (0) 0 Bonus (570) 570 TOTAL SCORE: 5716 Bonus ------- Pacifist 270 Aligned with FarCom 300 Cogmind --------- Core Integrity 0/850 Matter 253/300 Energy 447/450 System Corruption 0% Temperature Cool (0) Movement Walking (120) Location -6/Lower Caves Parts ------- > --- POWER (2) -------- (None) > --- PROPULSION (6) --- Carbon-fiber Leg Carbon-fiber Leg Carbon-fiber Leg > --- UTILITY (5) ------ Energy Well Advanced Weight Redist. System Modified TNC Hardened Medium Armor Plating > --- WEAPON (2) ------- (None) > --- INVENTORY (5) ---- Compact Matter Pod (150) Peak State ------------ > --- POWER ------------ Deuterium Engine Micro Nuclear Core > --- PROPULSION ------- Wheel Wheel Airjet Airjet > --- UTILITY ---------- Small Storage Unit Advanced Weight Redist. System Modified TNC Recoil Stabilizer ECM Suite > --- WEAPON ----------- Plasma Rifle Plasma Rifle > --- INVENTORY -------- Energy Well Compact Matter Pod Shock Rifle Plasma Rifle Thermic Laser Gauss Rifle Missile Launcher [Rating: 41] Favorites ----------- Power Ion Engine Engine Ion Engine Power Core Light Nuclear Core Propulsion Wheel Leg Carbon-fiber Leg Wheel Wheel Hover Unit Airjet Flight Unit VTOL Module Utility Small Storage Unit Device Recoil Stabilizer Storage Small Storage Unit Processor Modified TNC Protection Hardened Medium Armor Plating Weapon Beam Rifle Energy Gun Beam Rifle Energy Cannon Proton Cannon Ballistic Gun Gauss Rifle Launcher Missile Launcher Build | -11 -10 -10 -10 -9 -8 -7 -6 -6 ------- Run | Scr Mat Min Exi Min Mat Fac Fac Low Slots Evolved 8 | . . . . . 4 2 2 . Power 1 | . . . . . . . 1 . Propulsion 4 | . . . . . 2 2 . . Utility 3 | . . . . . 2 . 1 . Weapon . | . . . . . . . . . Parts Attached 55 | 9 4 . . . 10 2 30 . Power 8 | 1 . . . . 2 1 4 . Engine 4 | 1 . . . . . . 3 . Core 4 | . . . . . 2 1 1 . Reactor . | . . . . . . . . . Propulsion 14 | 4 1 . . . 3 . 6 . Treads . | . . . . . . . . . Leg 6 | 2 . . . . . . 4 . Wheel 4 | 2 1 . . . 1 . . . Hover 2 | . . . . . 2 . . . Flight 2 | . . . . . . . 2 . Utility 15 | 1 1 . . . 5 1 7 . Device 7 | . 1 . . . 2 1 3 . Storage 4 | 1 . . . . . . 3 . Processor 1 | . . . . . 1 . . . Hackware . | . . . . . . . . . Protection 3 | . . . . . 2 . 1 . Artifact . | . . . . . . . . . Weapon 18 | 3 2 . . . . . 13 . Energy Gun 12 | 2 2 . . . . . 8 . Energy Cannon 3 | . . . . . . . 3 . Ballistic Gun 2 | 1 . . . . . . 1 . Ballistic Cannon . | . . . . . . . . . Launcher 1 | . . . . . . . 1 . Special Weapon . | . . . . . . . . . Impact Weapon . | . . . . . . . . . Slashing Weapon . | . . . . . . . . . Piercing Weapon . | . . . . . . . . . Special Melee Weapon . | . . . . . . . . . Unidentified Prototypes 1 | . . . . . 1 . . . Parts Lost 24 | . . . . . 2 . 21 1 Power 5 | . . . . . 1 . 4 . Propulsion 6 | . . . . . 1 . 5 . Utility 4 | . . . . . . . 3 1 Weapon 9 | . . . . . . . 9 . Highest Loss Streak 11 | . . . . . 1 . 11 1 To Critical Strikes . | . . . . . . . . . Average Slot Usage (%) 80 | . 98 100 89 85 86 84 55 46 Engine 5 | . 14 14 14 14 2 . 2 . Core 3 | . . . . . 6 7 2 . Wheel 17 | . 28 28 28 28 17 15 4 . Hover 6 | . . . . . 9 15 3 . Device 10 | . 12 14 4 . 9 15 11 6 Storage 9 | . 14 14 14 14 9 7 7 6 Processor 5 | . . . . . 9 7 6 6 Protection 1 | . . . . . 4 . . 6 Energy Gun 17 | . 28 28 28 28 18 15 5 . Naked Turns . | . . . . . . . . . Heaviest Build 36 | 13 17 17 17 16 26 20 36 14 Greatest Support 45 | 26 26 20 20 20 20 25 45 45 Greatest Overweight (x) 5 | 4 . . . . 2 1 5 . Average Overweight (x) . | . . . . . . . . . Largest Inventory Capacity 8 | 8 8 8 8 8 8 8 8 5 Average Capacity 7 | 7 8 8 8 8 8 8 7 5 Most Carried 8 | 2 7 6 8 8 8 8 8 1 Average Carried 6 | . 3 5 7 8 7 8 5 1 Final Capacity 8 | 8 8 8 8 8 8 8 5 5 Final Carried 8 | 1 5 6 8 8 8 8 1 1 Class Distribution -------------------- 96% | Mutant Dominant Class ---------------- Mutant | -10/Materials Mutant | -10/Mines Mutant | -10/Exiles Mutant | -9/Mines Mutant | -8/Materials Mutant | -7/Factory Mutant | -6/Factory Mutant | -6/Lower Caves Resources | -11 -10 -10 -10 -9 -8 -7 -6 -6 ----------- Run | Scr Mat Min Exi Min Mat Fac Fac Low Matter Collected 947 | 241 . . 189 . 167 109 241 . Remotely . | . . . . . . . . . Salvage Created 1047 | . . . . . 364 67 616 . Parts 43 | . . . . . 24 3 16 . Haulers Intercepted 2 | . . . . . 2 . . . Recyclers Shooed 1 | . . . . . . . 1 . Parts Field Recycled . | . . . . . . . . . Retrieved Matter . | . . . . . . . . . Parts Self-Destructed . | . . . . . . . . . Prevented . | . . . . . . . . . Kills | -11 -10 -10 -10 -9 -8 -7 -6 -6 ------- Run | Scr Mat Min Exi Min Mat Fac Fac Low Combat Hostiles Destroyed 19 | . . . . . 4 1 14 . Guns 12 | . . . . . 4 . 8 . Cannons 1 | . . . . . . . 1 . AOE 3 | . . . . . . . 3 . Classes Destroyed 9 | . . . . . 5 2 2 . Worker 2 | . . . . . 2 . . . Hauler 2 | . . . . . 2 . . . Watcher 1 | . . . . . . 1 . . Swarmer 6 | . . . . . . . 6 . Grunt 7 | . . . . . 1 . 6 . Brawler 1 | . . . . . . . 1 . Sentry 1 | . . . . . 1 . . . Hunter 3 | . . . . . 2 . 1 . Programmer 1 | . . . . . . 1 . . Best Kill Streak 4 | . . . . . 3 1 4 . Combat Bots Only 4 | . . . . . 2 1 4 . Max Kills in Single Turn 2 | . . . . . 1 1 2 . Gunslinging . | . . . . . . . . . Exploded 2 | . . . . . . . 2 . Melee . | . . . . . . . . . Uniques/NPCs Destroyed . | . . . . . . . . . Combat | -11 -10 -10 -10 -9 -8 -7 -6 -6 -------- Run | Scr Mat Min Exi Min Mat Fac Fac Low Damage Taken 2781 | . 13 . . . 198 47 2276 247 Core 920 | . 8 . . . 27 24 801 60 Absorbed by Shields . | . . . . . . . . . Regen/Repaired (Parts) 54 | . . . . . . . 54 . Core Remaining (%) 96 | 100 . . . 96 95 96 . . Volleys Fired 73 | . 1 . . . 21 6 45 . Largest 2 | . 2 . . . 2 2 2 . Hottest 160 | . 112 . . . 112 112 160 . Shots Fired 125 | . 2 . . . 42 13 68 . Gun 111 | . 2 . . . 42 13 54 . Cannon 13 | . . . . . . . 13 . Launcher 1 | . . . . . . . 1 . Special . | . . . . . . . . . Kinetic 18 | . . . . . . . 18 . Thermal 93 | . 2 . . . 42 13 36 . Explosive 1 | . . . . . . . 1 . Electromagnetic 13 | . . . . . . . 13 . Robot Hit Streak 27 | . 1 . . . 14 12 27 . Robot Miss Streak 4 | . 1 . . . 4 . 2 . Penetration Max 1 | . . . . . . . 1 . Secondary Targets . | . . . . . . . . . Shots Hit Robots 98 | . 1 . . . 27 11 59 . Core Hits 45 | . . . . . 15 2 27 1 Critical Kills . | . . . . . . . . . Critical Parts Destroyed . | . . . . . . . . . Critical Strikes 8 | . . . . . 2 1 5 . Burn 8 | . . . . . 2 1 5 . Melee Attacks . | . . . . . . . . . Impact . | . . . . . . . . . Slashing . | . . . . . . . . . Piercing . | . . . . . . . . . Sneak Attacks . | . . . . . . . . . Combat Hostiles . | . . . . . . . . . Follow-up Attacks . | . . . . . . . . . Damage Inflicted 2389 | . 15 . . . 419 179 1765 11 Guns 1551 | . 15 . . . 419 179 938 . Cannons 433 | . . . . . . . 433 . Explosions 382 | . . . . . . . 382 . Melee . | . . . . . . . . . Ramming 23 | . . . . . . . 12 11 Kinetic 331 | . . . . . . . 331 . Thermal 1520 | . 15 . . . 419 179 907 . Explosive 82 | . . . . . . . 82 . Electromagnetic 433 | . . . . . . . 433 . Impact . | . . . . . . . . . Slashing . | . . . . . . . . . Piercing . | . . . . . . . . . Highest Corruption 1 | . . . . . 1 1 . . Average Corruption 1 | . . . . . 1 1 . . Corruption Purged . | . . . . . . . . . Corruption Blocked . | . . . . . . . . . Effects 5 | . . . . . 4 1 . . Matter Fused 1 | . . . . . 1 . . . Heat Flow Errors 1 | . . . . . 1 . . . Data Loss (minor) 1 | . . . . . 1 . . . Data Loss (major) 1 | . . . . . 1 . . . Misfires 1 | . . . . . . 1 . . Overload Shots . | . . . . . . . . . Overflow Damage 186 | . . . . . . . 186 . Projectiles . | . . . . . . . . . Explosions 186 | . . . . . . . 186 . Melee . | . . . . . . . . . Knockbacks . | . . . . . . . . . Impact . | . . . . . . . . . Kinetic . | . . . . . . . . . Secondary . | . . . . . . . . . Self-Inflicted Damage 188 | . . . . . . . 188 . Shots 4 | . . . . . . . 4 . Rammed . | . . . . . . . . . Targets Rammed 6 | . . . . . . . 1 5 Kicked 6 | . . . . . . . 1 5 Crushed . | . . . . . . . . . Highest Temperature 516 | . 51 . . . 270 144 516 . Average Temperature 140 | . 28 . . . 88 56 214 . Received Heat Transfer 537 | . . . . . . . 537 . Effects 11 | . . . . . . . 11 . Shutdowns 5 | . . . . . . . 5 . Energy Bleed 2 | . . . . . . . 2 . Short Circuit 1 | . . . . . . . 1 . Damage (minor) 2 | . . . . . . . 2 . Damage (core) 1 | . . . . . . . 1 . Siege Activations . | . . . . . . . . . Robots Corrupted 2 | . . . . . . . 2 . Combat Hostiles 2 | . . . . . . . 2 . Parts Fried 2 | . . . . . . . 2 . Impact Corruptions . | . . . . . . . . . Robots Melted 1 | . . . . . . 1 . . Combat Hostiles 1 | . . . . . . 1 . . Parts Melted 17 | . . . . . 5 3 9 . Heat Transferred 3813 | . 37 . . . 1221 481 2074 . Parts Sabotaged . | . . . . . . . . . Parts Stolen . | . . . . . . . . . Parts Stripped . | . . . . . . . . . Power Chain Reactions 1 | . . . . . . . 1 . Missiles Intercepted . | . . . . . . . . . Alert | -11 -10 -10 -10 -9 -8 -7 -6 -6 ------- Run | Scr Mat Min Exi Min Mat Fac Fac Low Peak Influence 196 | . 13 3 . . 137 70 196 . Initial 33 | . . 3 . . . 33 . . Average 43 | . 9 3 . . 65 24 76 . Maximum Alert Level . | . . . . . . . . . Low Security (%) 100 | 100 100 100 . 100 100 100 100 . Level 1 . | . . . . . . . . . Level 2 . | . . . . . . . . . Level 3 . | . . . . . . . . . Level 4 . | . . . . . . . . . Level 5 . | . . . . . . . . . High Security . | . . . . . . . . . Max Security . | . . . . . . . . . Squads Dispatched 4 | . . . . . 1 1 2 . Investigation 2 | . . . . . 1 . 1 . Extermination 1 | . . . . . . 1 . . Reinforcement 1 | . . . . . . . 1 . Assault . | . . . . . . . . . Garrison . | . . . . . . . . . Intercept . | . . . . . . . . . Searches Triggered . | . . . . . . . . . Construction Impeded . | . . . . . . . . . Haulers Reinforced . | . . . . . . . . . Active Scanning Responses . | . . . . . . . . . Cargo Convoy Interrupts . | . . . . . . . . . Stealth | -11 -10 -10 -10 -9 -8 -7 -6 -6 --------- Run | Scr Mat Min Exi Min Mat Fac Fac Low Distress Signals 2 | . . . . . 1 . 1 . Communications Jammed . | . . . . . . . . . Distress Signals . | . . . . . . . . . Times Spotted 42 | . 2 . . . 13 2 22 3 Peak Tracking Total 6 | . 3 . . . 3 1 6 3 Tactical Retreats 1 | . . . . . . . 1 . Traps | -11 -10 -10 -10 -9 -8 -7 -6 -6 ------- Run | Scr Mat Min Exi Min Mat Fac Fac Low Traps Triggered . | . . . . . . . . . Indirectly . | . . . . . . . . . Trap Hack Attempts . | . . . . . . . . . Triggered . | . . . . . . . . . Disarmed 9 | . . . . . 3 . 6 . Reprogrammed . | . . . . . . . . . Reused . | . . . . . . . . . Traps Extracted . | . . . . . . . . . Installed . | . . . . . . . . . Triggered . | . . . . . . . . . Machines | -11 -10 -10 -10 -9 -8 -7 -6 -6 ---------- Run | Scr Mat Min Exi Min Mat Fac Fac Low Machines Disabled 6 | . 1 . . . . . 5 . Max in Single Turn 4 | . 1 . . . . . 4 . Machines Sabotaged . | . . . . . . . . . Garrisons Compromised . | . . . . . . . . . Overloaded Fab Kills . | . . . . . . . . . Hacking | -11 -10 -10 -10 -9 -8 -7 -6 -6 --------- Run | Scr Mat Min Exi Min Mat Fac Fac Low Machines Accessed 13 | . 1 . 5 1 3 1 2 . Terminals 5 | . 1 . . 1 2 . 1 . Fabricators . | . . . . . . . . . Repair Stations 1 | . . . . . . . 1 . Recycling Units 1 | . . . . . . 1 . . Scanalyzers 1 | . . . . . 1 . . . Garrison Access . | . . . . . . . . . Total Hacks 85 | . 4 . 50 2 17 2 10 . Successful 77 | . 2 . 50 1 15 2 7 . Failed 8 | . 2 . . 1 2 . 3 . Catastrophic 1 | . . . . . 1 . . . Database Lockouts . | . . . . . . . . . Manual 4 | . . . 1 . 1 . 2 . Terminals 18 | . 4 . . 2 6 . 6 . Fabricators . | . . . . . . . . . Repair Stations 4 | . . . . . . . 4 . Recycling Units 2 | . . . . . . 2 . . Scanalyzers 11 | . . . . . 11 . . . Garrison Access . | . . . . . . . . . Terminal Hacks 61 | . 2 . 50 1 4 . 4 . Record 49 | . . . 49 . . . . . Emergency Access Points 1 | . 1 . . . . . . . Scanalyzer Index 1 | . . . . . 1 . . . Alert Level 1 | . . . . . . . 1 . Locate Traps 2 | . . . . . 1 . 1 . Disarm Traps 2 | . . . . . 1 . 1 . Zone Layout 4 | . 1 . . 1 1 . 1 . EX-Prototype ID Bank 1 | . . . 1 . . . . . Fabricator Hacks . | . . . . . . . . . Repair Station Hacks 3 | . . . . . . . 3 . Scan Component 2 | . . . . . . . 2 . Repair 1 | . . . . . . . 1 . Recycling Unit Hacks 2 | . . . . . . 2 . . Report Inventory 1 | . . . . . . 1 . . Retrieve Components 1 | . . . . . . 1 . . Scanalyzer 11 | . . . . . 11 . . . Insert Component 5 | . . . . . 5 . . . Analyze 6 | . . . . . 6 . . . Garrison Access Hacks . | . . . . . . . . . Unauthorized Hacks . | . . . . . . . . . Terminals . | . . . . . . . . . Fabricators . | . . . . . . . . . Repair Stations . | . . . . . . . . . Recycling Units . | . . . . . . . . . Scanalyzers . | . . . . . . . . . Garrison Access . | . . . . . . . . . Data Cores Recovered . | . . . . . . . . . Used . | . . . . . . . . . Hacking Detections 8 | . 1 . . 1 3 1 2 . Full Trace Events 2 | . . . . . 1 . 1 . Feedback Events 1 | . . . . . 1 . . . Corruption 1 | . . . . . 1 . . . Feedback Blocked . | . . . . . . . . . Robot Schematics Acquired . | . . . . . . . . . Robots Built . | . . . . . . . . . Authchips . | . . . . . . . . . Time . | . . . . . . . . . Total Robot Build Rating . | . . . . . . . . . Part Schematics Acquired 5 | . . . . . 5 . . . Parts Built . | . . . . . . . . . Authchips . | . . . . . . . . . Time . | . . . . . . . . . Total Part Build Rating . | . . . . . . . . . Parts Repaired 1 | . . . . . . . 1 . Time 25 | . . . . . . . 25 . Parts Recycled . | . . . . . . . . . Recycled Matter . | . . . . . . . . . Retrieved Matter . | . . . . . . . . . Retrieved Components 3 | . . . . . . 3 . . Parts Scanalyzed 5 | . . . . . 5 . . . Part Schematics Acquired 5 | . . . . . 5 . . . Parts Damaged . | . . . . . . . . . Bothacking | -11 -10 -10 -10 -9 -8 -7 -6 -6 ------------ Run | Scr Mat Min Exi Min Mat Fac Fac Low Used RIF Installer . | . . . . . . . . . Robots Hacked . | . . . . . . . . . Non-combat . | . . . . . . . . . Combat . | . . . . . . . . . Robot Hacks Applied . | . . . . . . . . . Relay Couplers Released . | . . . . . . . . . Fabnet Peak Effective % . | . . . . . . . . . Robots Rewired . | . . . . . . . . . Allies Hacked . | . . . . . . . . . Hacks Repelled . | . . . . . . . . . Allies | -11 -10 -10 -10 -9 -8 -7 -6 -6 -------- Run | Scr Mat Min Exi Min Mat Fac Fac Low Total Allies . | . . . . . . . . . Largest Group . | . . . . . . . . . Highest-Rated Group . | . . . . . . . . . Highest-Rated Ally . | . . . . . . . . . Total Orders . | . . . . . . . . . Ally Attacks . | . . . . . . . . . Total Damage . | . . . . . . . . . Kills . | . . . . . . . . . Allies Corrupted . | . . . . . . . . . Allies Melted . | . . . . . . . . . Intel | -11 -10 -10 -10 -9 -8 -7 -6 -6 ------- Run | Scr Mat Min Exi Min Mat Fac Fac Low Robot Analysis Total . | . . . . . . . . . Derelict Logs Recovered 1 | . . 1 . . . . . . Drone Launches . | . . . . . . . . . Drone Recoveries . | . . . . . . . . . Exploration | -11 -10 -10 -10 -9 -8 -7 -6 -6 ------------- Run | Scr Mat Min Exi Min Mat Fac Fac Low Turns Passed 2878 | 107 95 74 465 195 642 701 582 17 Spaces Moved 2408 | 66 94 91 580 238 423 592 315 9 Core 103 | 26 . . . . . . 77 . Treads . | . . . . . . . . . Legs 81 | 7 . . . . . . 65 9 Wheels 1405 | 33 94 91 580 238 307 . 62 . Hover 769 | . . . . . 116 592 61 . Flight 50 | . . . . . . . 50 . Fastest Speed 32 | 50 80 80 80 80 66 66 32 120 Average Speed 93 | 124 86 80 80 80 99 98 107 120 Slowest Speed 300 | 250 90 80 80 80 126 126 300 120 Overloaded Moves . | . . . . . . . . . Propulsion Burnouts . | . . . . . . . . . Robots Hopped . | . . . . . . . . . Cave-ins Triggered . | . . . . . . . . . Exploration Rate (%) 25 | 6 21 19 91 48 26 10 7 4 Regions Visited 8 Branch Regions 4 Pre-discovered Areas 1 | . . . 1 . . . . . Known Exits Taken 1 | . . . . . 1 . . . Unknown Exits Taken 7 | 1 1 1 1 1 . 1 1 . Scrap Searched 1 | . . . . 1 . . . . Spaces Dug . | . . . . . . . . . Terrain Destroyed 29 | . . . . . . . 29 . Melee . | . . . . . . . . . Projectile . | . . . . . . . . . AOE 29 | . . . . . . . 29 . Terrain Rammed . | . . . . . . . . . Walls Destroyed . | . . . . . . . . . Machines Disabled . | . . . . . . . . . Actions | -11 -10 -10 -10 -9 -8 -7 -6 -6 --------- Run | Scr Mat Min Exi Min Mat Fac Fac Low Total 2911 | 88 105 91 581 242 603 698 489 14 Wait 322 | 8 . . . 3 137 91 83 . Move 2400 | 65 93 90 579 237 422 591 314 9 Hop . | . . . . . . . . . Pick Up 19 | 2 3 1 1 1 4 3 4 . Fast Attach 34 | 7 3 . . . 9 1 14 . Attach 15 | 1 . . . . 2 . 12 . Detach 11 | 2 2 . 1 . 2 . 4 . Swap 7 | 1 1 . . . . 1 4 . Drop 24 | 2 2 . . 1 6 5 8 . Fire 73 | . 1 . . . 21 6 45 . Melee . | . . . . . . . . . Ram . | . . . . . . . . . Kick 6 | . . . . . . . 1 5 Crush . | . . . . . . . . . Escape Stasis . | . . . . . . . . . Rewire . | . . . . . . . . . Trap . | . . . . . . . . . Miscellaneous . | . . . . . . . . . Route ------- -11/Scrapyard -10/Materials -10/Mines -10/Exiles -9/Mines -8/Materials (discovered 2 exits: *Fac x2) -7/Factory -6/Factory -6/Lower Caves History --------- Turn | Location | Event 20 | -11/Scrapyard | Discovered new exit (range 15) 108 | -11/Scrapyard | Entered Materials 190 | -10/Materials | Discovered new exit (range 10) 203 | -10/Materials | Entered Mines 261 | -10/Mines | Learned location of 1 exit from Materials 273 | -10/Mines | Deemed a non-threat by the Exiles lab entrance 273 | -10/Mines | Discovered new exit (range 5) 277 | -10/Mines | Entered Exiles 299 | -10/Exiles | Met 8R-AWN 303 | -10/Exiles | Build established: Mutant 313 | -10/Exiles | Met EX-HEX 354 | -10/Exiles | Met EX-DEC 374 | -10/Exiles | Learned location of Zion (-7) 402 | -10/Exiles | Met EX-BIN 420 | -10/Exiles | Aligned with FarCom system 421 | -10/Exiles | Given EX-Vault access code 471 | -10/Exiles | Opened EX-Vault 480 | -10/Exiles | Found Modified TNC 498 | -10/Exiles | Warned to stay clear of 0b10 Research branches 556 | -10/Exiles | Visited The Gauntlet 732 | -10/Exiles | Discovered new exit (range 10) 742 | -10/Exiles | Left Exiles lab with Modified TNC 742 | -10/Exiles | Entered Mines 743 | -9/Mines | YI-UF0 nonchalantly dropped a Grenade Launcher on the ground 929 | -9/Mines | Discovered new exit (range 8) 937 | -9/Mines | Entered Materials 937 | -8/Materials | Evolved 4 slots: Propulsion x2, Utility x2 938 | -8/Materials | Identified exit to Factory 1559 | -8/Materials | Discovered exit to Factory (range 16) 1579 | -8/Materials | Entered Factory 1579 | -7/Factory | Evolved 2 slots: Propulsion x2 2232 | -7/Factory | Discovered new exit (range 10) 2280 | -7/Factory | Entered another Factory area 2280 | -6/Factory | Evolved 2 slots: Power x1, Utility x1 2354 | -6/Factory | Repaired Energy Well 2483 | -6/Factory | Lost 3 parts (1n2u) 2623 | -6/Factory | Core integrity fell below 50% 2670 | -6/Factory | Lost 11 parts (4p2n5w) 2807 | -6/Factory | Core integrity fell below 20% 2836 | -6/Factory | Discovered new exit (range 12) 2840 | -6/Factory | Lost 7 parts (2n1u4w) 2862 | -6/Factory | Entered Lower Caves 2879 | -6/Lower Caves | Destroyed by S-27 Virus with Autogun Last Messages --------------- 02820_ K-01 Serf collects debris. 02820_ U-05 Engineer lays Concrete. 02822_ Slug penetrates Wall. 02826_ ALERT: Hostiles spotted, dispatching reinforcements to Terminal F002. 02827_ Penetrated by Slug. 02830_ Acquired Hrd. Medium Armor Plating. 02836_ EXIT=FOUND 02843_ Acquired Carbon-fiber Leg. 02846_ K-01 Serf cleans the Power Conduit. 02852_ Slug penetrates Fabricator. 02852_ Acquired Carbon-fiber Leg. 02857_ Slug penetrates Fabricator. 02857_ Fabricator disabled. 02860_ Slug penetrates Wall. LOCATION=UNKNOWN GOAL=ESCAPE 02867_ Adv. Heat Sink destroyed. 02867_ Kicked S-27 Virus out of the way. 02872_ Kicked S-27 Virus. Map ----- +----------------------------------------------------+ | ???????????????????????????????????????????????? | | ???????????????????????????????????????????????? | | ???????????????????????????????????????????????? | | ???????????????????????????????????????????????? | | ???????????????????????????????????????????????? | | ???????????????????????????????????????????????? | | ??????????????????????#????????????????????????? | | ?????????????????????## ???????????????????????? | | ?????????????????????# ???????????????????????? | | ?????????????????????# ???????????????????????? | | ????????????????????## ???????????????????????? | | ???????????????????## ???????????????????????? | | ???????????????????# ???????????????????????? | | ???????????????????? ??######???????????????? | | ?????????????????????# ### #???????????????? | | ???????????????####### #???????????????? | | ??????????# #???????????????? | | ??????????? ####### #???????????????? | | ???????????? ????????#s #???????????????? | | ?????????? #######s ## #???????????????? | | ?????????? s #? #???????????????? | | ?????????? #? #???????????????? | | ?????????? ## #?# #???????????????? | | ?????????? #####??# #?? #???????????????? | | ???????????????????## ## #???????????????? | | ????????????????????#####@ #???????????????? | | ????????????????????????# #???????????????? | | ???????????????????????? ##???????????????? | | ????????????????????????## ##????????????????? | | ??????????????????????????# ##?????????????????? | | ???????????????????????????##??????????????????? | | ???????????????????????????????????????????????? | | ???????????????????????????????????????????????? | | ???????????????????????????????????????????????? | | ???????????????????????????????????????????????? | | ???????????????????????????????????????????????? | | ???????????????????????????????????????????????? | | ???????????????????????????????????????????????? | | ???????????????????????????????????????????????? | | ???????????????????????????????????????????????? | | ???????????????????????????????????????????????? | | ???????????????????????????????????????????????? | | ???????????????????????????????????????????????? | | ???????????????????????????????????????????????? | | ???????????????????????????????????????????????? | | ???????????????????????????????????????????????? | | | | | | | | | +----------------------------------------------------+ Best States ------------- Heat Dissipation 56 Energy Generation 24 Energy Capacity 675 Matter Stores 300 Matter Capacity 300 Sight Range 16 Robot Scan Range 14 Terrain Scan Density 10 ECM Strength 1 Additional Mass Support 9 Armor Coverage 375 Resistance: KI 20 Resistance: TH 20 Resistance: EX 20 Resistance: EM 20 Resistance: I 20 Resistance: S 20 Resistance: P 20 Evasion (%) 63 Recoil Reduction 4 Offensive Hacking 10 Item Schematics ----------------- Lgt. Armor Plating | -8/Materials | Scanalyzed Beam Rifle | -8/Materials | Scanalyzed Shock Rifle | -8/Materials | Scanalyzed Grenade Launcher | -8/Materials | Scanalyzed Gauss Rifle | -8/Materials | Scanalyzed Robot Schematics ------------------ None Fabricated ------------ Nothing Alien Tech Used ----------------- None Achievements -------------- None Challenges ------------ None Game ------ Seed CoolingHeavyComputer Manual? 0 Play Time 00:33:10 Cumulative 19.6 hours Start 2022.04.25 @ 00:50:33 End 2022.04.25 @ 02:13:10 Sessions 1 Manual Loads 0 Difficulty Adventurer Special Mode None Game No. 30 Rogue 10 Adventurer 20 Explorer 0 Win Type - Total 0 Types 0/0/0/0/0/0/0/0/0 Lore% 26 Gallery% 26 Achievement% 26 Wizard Run 0 Options --------- ASCII 0 Keyboard 1 Movement Vi Keybinds 0 Fullscreen 2 Font 24/Smallcaps Map View 76x50 Tactical HUD 1 Map Filters NONE Filters NONE Steam 1 RUN: 0af2ab6d-c1cf-4e0e-aa06-52e2fbf5f9ff